AoeStats
← [HOBO]Drifter

Arena

510213235Analyzed
4v4 RM · 3d ago on Sep 30, 2026· 59m 27s· 8 players
Game mode
Random Map
Map size
Large (8 player)
Population
200
Speed
Normal
Resources
Standard
Victory
Conquest
Starting age
Dark Age
Ending age
Imperial Age
RankedLock teamsTeams togetherTeam positionsShared explorationLock speedFull tech treeHidden civsTurbo modeCheats
Victory
Defeat
🇺🇸 Danes · United States
1305
+16
🇺🇸 Bohemians · United States
1299
+16
🇺🇸 Persians · United States
1294
+16
🇦🇺 Sicilians · Australia
1281
+17
🇨🇱 Japanese · Chile
1362
-18
🇲🇽 Hindustanis · Mexico
1337
-18
🇪🇨 Vikings · Ecuador
1269
-15
🇺🇸 Bohemians · United States
1235
-14
[HOBO]Drifter
11:28 Feudal Age
16:06 Castle Age
14:14 Double-Bit Axe
15:08 Horse Collar
17:51 Bow Saw
21:08 Wheelbarrow
26:00 Imperial Age
25:57 Chemistry
25:51 Hand Cart
28:42 Two-Man Saw
27:44 Heavy Plow
27:50 Loom
29:17 Conscription
32:03 Houfnice
33:21 Pikeman
34:48 Elite Hussite Wagon
41:20 Halberdier
48:53 Scale Mail Armor
49:04 Forging
49:56 Chain Mail Armor
53:02 Plate Mail Armor
53:07 Iron Casting
52:41 Wagenburg Tactics
52:44 Siege Engineers
52:49 Masonry
the black fella
11:08 Feudal Age
11:50 Horse Collar
11:58 Double-Bit Axe
18:32 Castle Age
18:33 Town Watch
19:26 Wheelbarrow
19:28 Heavy Plow
19:44 Bow Saw
22:16 Gold Mining
24:35 Loom
24:58 Scale Mail Armor
25:16 Forging
26:06 Chain Mail Armor
26:37 Man-at-Arms
27:54 Iron Casting
27:18 Stone Mining
27:21 Long Swordsman
28:05 Squires
27:59 Gambesons
30:01 Hand Cart
29:47 Arson
32:00 Scale Barding Armor
32:54 Bloodlines
32:45 Husbandry
33:07 Light Cavalry
35:38 Chain Barding Armor
50:24 Imperial Age
51:19 Imperial Age
52:42 Crop Rotation
53:06 Plate Barding Armor
53:31 Blast Furnace
Hero Unit
11:50 Feudal Age
12:48 Horse Collar
17:00 Castle Age
15:22 Double-Bit Axe
16:53 Forging
17:57 Heavy Plow
19:02 Bow Saw
19:23 Husbandry
21:17 Wheelbarrow
22:16 Fervor
23:46 Iron Casting
24:54 Hand Cart
25:44 Gold Mining
27:14 Gold Shaft Mining
26:31 Stone Mining
31:07 Imperial Age
28:25 Loom
28:49 Squires
28:36 Gambesons
28:36 Arson
29:24 Scale Mail Armor
30:18 Stone Shaft Mining
30:56 Chain Mail Armor
31:26 Elite Varangian Guard
32:37 Plate Mail Armor
33:54 Blast Furnace
33:12 Hamask
34:44 Sanctity
34:47 Capped Ram
37:28 Siege Ram
38:50 Coinage
39:16 Conscription
39:32 Hoardings
40:21 Siege Engineers
40:37 Ballistics
41:11 Banking
42:01 Masonry
42:25 Fletching
43:02 Bodkin Arrow
46:12 Bracer
46:09 Murder Holes
47:14 Chemistry
46:34 Caravan
57:26 Northmen's Fury
Sun Tzu
10:24 Feudal Age
14:34 Castle Age
12:29 Double-Bit Axe
12:48 Horse Collar
15:26 Bow Saw
18:50 Loom
20:22 Heavy Plow
20:59 Wheelbarrow
23:53 Hand Cart
24:40 Town Watch
25:32 Gold Mining
25:33 Stone Mining
27:31 Forging
27:26 Scale Barding Armor
28:16 Bloodlines
28:07 Husbandry
28:54 Gold Shaft Mining
28:55 Stone Shaft Mining
29:18 Iron Casting
31:28 Imperial Age
29:22 Chain Barding Armor
29:23 Masonry
31:06 Fletching
32:12 Conscription
31:13 Elite War Elephant
32:56 Blast Furnace
32:31 Plate Barding Armor
31:52 Bodkin Arrow
34:45 Devotion
38:13 Citadels
40:57 Hoardings
39:48 Cavalier
41:41 Chemistry
41:02 Savar
41:57 Crossbowman
45:59 Architecture
45:46 Padded Archer Armor
46:14 Thumb Ring
47:10 Light Cavalry
Ars Radiophonik
10:53 Feudal Age
15:13 Castle Age
13:25 Double-Bit Axe
15:02 Wheelbarrow
16:01 Horse Collar
23:42 Hand Cart
24:11 Grand Trunk Road
25:30 Bloodlines
25:28 Scale Barding Armor
25:31 Horse Collar
29:51 Imperial Age
27:07 Loom
27:43 Forging
27:58 Bow Saw
27:51 Heavy Plow
28:34 Chain Barding Armor
29:25 Iron Casting
29:06 Husbandry
29:07 Gold Mining
31:20 Plate Barding Armor
31:47 Blast Furnace
30:09 Heavy Camel Rider
30:51 Light Cavalry
32:05 Fortified Wall
32:30 Conscription
33:50 Two-Man Saw
32:23 Imperial Camel Rider
43:25 Light Cavalry
44:38 Ballistics
45:13 Caravan
44:43 Hussar
52:18 Fletching
55:49 Bodkin Arrow
55:54 Padded Archer Armor
57:08 Chemistry
57:18 Bracer
Poeta Abatido
10:13 Feudal Age
14:14 Castle Age
12:59 Double-Bit Axe
14:03 Horse Collar
14:27 Gold Mining
28:37 Imperial Age
25:53 Loom
25:54 Town Watch
26:01 Fletching
26:27 Heavy Plow
27:37 Gold Shaft Mining
27:00 Crossbowman
27:42 Padded Archer Armor
27:54 Bodkin Arrow
28:39 Padded Archer Armor
29:12 Bow Saw
29:24 Arbalester
31:14 Bracer
31:29 Leather Archer Armor
32:54 Ballistics
33:40 Chemistry
35:15 Ring Archer Armor
36:36 Conscription
41:28 Man-at-Arms
41:29 Pikeman
42:10 Squires
41:56 Arson
44:39 Scale Mail Armor
44:49 Forging
45:00 Elite Skirmisher
46:14 Chain Mail Armor
47:05 Two-Man Saw
Youtube Nimro7
9:20 Feudal Age
15:50 Castle Age
14:06 Double-Bit Axe
14:57 Horse Collar
17:32 Wheelbarrow
16:45 Loom
25:48 Bow Saw
29:14 Imperial Age
26:46 Fletching
27:18 Gold Mining
27:31 Padded Archer Armor
27:55 Ballistics
27:32 Stone Mining
28:11 Bodkin Arrow
28:46 Hand Cart
28:33 Heavy Plow
29:11 Bloodlines
29:02 Husbandry
30:04 Leather Archer Armor
30:24 Parthian Tactics
31:16 Chemistry
30:48 Conscription
32:23 Thumb Ring
32:27 Bracer
34:08 Two-Man Saw
33:33 Heavy Cavalry Archer
35:28 Ring Archer Armor
34:19 Elite Skirmisher
35:25 Murder Holes
35:10 Treadmill Crane
35:41 Fortified Wall
35:41 Masonry
37:44 Caravan
38:30 Town Watch
41:40 Town Patrol
46:24 Hoardings
54:55 Scale Barding Armor
55:01 Forging
54:14 Light Cavalry
Thrillho
11:32 Feudal Age
12:16 Double-Bit Axe
12:13 Horse Collar
15:14 Castle Age
14:55 Wheelbarrow
18:17 Heavy Plow
19:49 Bow Saw
23:17 Fervor
27:06 Imperial Age
24:24 Loom
26:10 Hand Cart
26:18 Sanctity
27:15 Chemistry
26:20 Scale Mail Armor
26:30 Forging
27:16 Pikeman
27:21 Houfnice
29:39 Two-Man Saw
28:59 Chain Mail Armor
29:46 Conscription
30:07 Iron Casting
29:42 Town Watch
30:33 Wagenburg Tactics
30:21 Halberdier
31:50 Squires
31:35 Arson
32:22 Plate Mail Armor
32:25 Siege Engineers
33:19 Padded Archer Armor
33:30 Fortified Wall
34:36 Blast Furnace
37:08 Leather Archer Armor
40:09 Ring Archer Armor
40:19 Masonry
48:26 Ballistics
48:37 Architecture
49:15 Fletching
53:18 Bodkin Arrow
Connection lost

Rejoining the realm…

Still unreachable

The connection could not be restored.

Session expired

The server has moved on; the page needs a fresh start.